Map: [TLMC19] Crimson King

Players

LiquidCure (Cure)

  • Race: Terran Terran
  • League: Master
  • Spawn Location: 7:00

ByuN - Winner!

  • Race: Terran Terran
  • Spawn Location: 1:00

VOD

Have the link to the VOD?

Description

Time

  • Played on: Dec. 23, 2023, 9:06 a.m.
  • Length: 8:06
Show
View Real Time Build Order
Export as new Build Order

LiquidCure Terran 

Build Orders: Cyclone Opening 

Get SALT Encoding   

  12  0:00  SCV  
  13  0:12  SCV  
  14  0:17  Supply Depot  
  14  0:24  SCV  
  15  0:38  SCV  
  15  0:39  Barracks  
  15  0:42  Refinery  
  16  0:50  SCV  
  16  0:52  Refinery  
  17  1:03  SCV  
  18  1:15  SCV  
  19  1:26  Reaper  
  19  1:27  Orbital Command  
  19  1:32  Supply Depot  
  20  1:40  Factory  
  20  1:52  SCV  
  21  1:58  Reaper  
  22  2:04  SCV  
  23  2:16  SCV, Command Center  
  24  2:24  Cyclone  
  24  2:28  SCV  
  27  2:36  Starport  
  26  2:41  SCV  
  26  2:43  Barracks Reactor  
  27  2:49  Supply Depot  
  27  2:53  SCV  
  28  3:01  Cyclone  
  28  3:05  SCV  
  31  3:12  Medivac  
  33  3:16  Refinery  
  33  3:17  SCV  
  34  3:26  Barracks Tech Lab  
  34  3:28  Orbital Command  
  34  3:29  SCV  
  35  3:41  SCV  
  35  3:45  Cyclone x2  
  40  3:53  Supply Depot, SCV x2  
  42  3:57  Raven  
  42  4:00  Barracks Tech Lab  
  44  4:05  SCV  
  44  4:06  SCV  
  46  4:13  Supply Depot  
  46  4:17  Cyclone x2  
  46  4:18  SCV  
  46  4:19  SCV  
  46  4:32  SCV x2  
  48  4:43  Raven  
  51  4:45  SCV x2  
  51  4:46  Command Center  
  51  4:51  Cyclone x2  
  55  4:55  Supply Depot, Marine  
  55  4:57  Interference Matrix  
  55  4:58  SCV x2  
  58  5:04  Supply Depot  
  58  5:10  SCV x2  
  58  5:13  Marine  
  61  5:19  Raven  
  63  5:22  SCV x2  
  63  5:23  Cyclone x2  
  69  5:30  Marine  
  69  5:31  Refinery  
  69  5:34  SCV  
  69  5:35  SCV  
  72  5:40  Stimpack  
  71  5:45  Barracks  
  71  5:46  Barracks  
  71  5:47  SCV x2  
  71  5:49  Marine  
  76  5:59  SCV x2  
  77  6:06  Orbital Command  
  77  6:07  Marine  
  77  6:11  SCV x2  
  76  6:14  Siege Tank, Starport Reactor  
  76  6:17  Engineering Bay  
  79  6:20  Engineering Bay  
  79  6:23  SCV x2  
  79  6:25  Marine  
  79  6:46  Siege Tank  
  76  6:54  Marine  
  61  6:56  SCV x2  
  61  6:59  Barracks  
  61  7:00  Starport Reactor, Barracks  
  61  7:01  SCV  
  65  7:03  Marine x4  
  69  7:10  Missile Turret  
  69  7:12  Marine  
  69  7:13  Missile Turret  
  69  7:14  Missile Turret x2  
  70  7:15  Missile Turret  
  70  7:16  Missile Turret  
  70  7:20  Siege Tank, Marine  
  70  7:21  Marine  
  75  7:25  Marine x2  
  73  7:37  Marine  
  73  7:38  Marine x2  
  73  7:43  Marine x2  
Show
View Real Time Build Order
Export as new Build Order

ByuN Terran - Winner!

Build Orders: Cyclone Opening, Reaper Expand 

Get SALT Encoding   

  12  0:00  SCV  
  13  0:12  SCV  
  14  0:17  Supply Depot  
  14  0:24  SCV  
  15  0:39  SCV  
  15  0:40  Barracks  
  16  0:43  Refinery  
  16  0:51  SCV  
  17  1:03  SCV  
  18  1:15  SCV  
  19  1:27  Orbital Command, Reaper  
  20  1:38  Command Center  
  20  1:47  Supply Depot  
  20  1:53  SCV  
  21  1:58  Marine  
  22  2:03  Factory  
  22  2:07  SCV  
  23  2:12  Refinery  
  23  2:16  Marine  
  23  2:19  SCV  
  25  2:31  SCV  
  26  2:37  Marine  
  26  2:43  SCV  
  28  2:46  Cyclone  
  28  2:48  Starport  
  28  2:50  Orbital Command  
  30  2:55  SCV  
  30  2:57  Barracks Reactor  
  31  3:06  Refinery  
  31  3:07  SCV  
  32  3:17  SCV  
  32  3:19  SCV, Cyclone  
  36  3:25  Starport Tech Lab  
  36  3:29  SCV  
  36  3:31  SCV  
  36  3:32  Supply Depot  
  38  3:39  Marine x2  
  39  3:41  SCV  
  39  3:43  SCV  
  39  3:45  Banshee  
  44  3:51  Factory Tech Lab  
  44  3:53  SCV  
  45  3:56  Supply Depot, SCV  
  45  3:59  Marine x2  
  48  4:05  SCV  
  48  4:08  SCV  
  53  4:10  Siege Tank  
  53  4:17  SCV  
  53  4:18  Supply Depot  
  53  4:20  SCV  
  55  4:27  Marine  
  55  4:29  SCV  
  55  4:32  SCV  
  54  4:42  SCV  
  54  4:44  SCV, Starport Reactor  
  54  4:45  Siege Tank  
  59  4:48  Barracks  
  57  4:53  Engineering Bay  
  57  4:54  SCV  
  57  4:56  Marine, Barracks  
  57  4:57  SCV  
  60  5:04  Supply Depot  
  60  5:05  Stimpack  
  60  5:06  SCV  
  61  5:11  SCV  
  61  5:13  Marine  
  63  5:18  SCV  
  63  5:20  Supply Depot, Siege Tank  
  67  5:23  SCV  
  67  5:26  Terran Infantry Weapons Level 1, Starport Reactor  
  67  5:27  Supply Depot  
  68  5:30  SCV  
  68  5:31  Marine  
  68  5:34  Marine x2  
  71  5:36  SCV  
  71  5:42  SCV  
  73  5:48  Supply Depot, SCV  
  73  5:49  Marine  
  75  5:52  Marine x2  
  75  5:54  Siege Tank, SCV  
  75  5:56  Marine x2  
  83  6:00  SCV  
  83  6:02  Supply Depot  
  83  6:04  Refinery  
  81  6:07  Marine  
  81  6:08  Medivac x2  
  81  6:10  Marine x2  
  88  6:14  Marine x2  
  88  6:18  Command Center  
  90  6:20  SCV x2  
  90  6:23  Supply Depot  
  90  6:25  Marine  
  93  6:29  Marine x2  
  93  6:31  Marine x2  
  97  6:37  SCV  
  86  6:41  SCV  
  86  6:42  Marine  
  72  6:47  Marine x2  
  72  6:49  SCV, Marine  
  72  6:53  SCV  
  72  6:54  Marine  
  69  6:57  Medivac  
  72  7:01  SCV  
  72  7:05  SCV, Marine x2  
  72  7:06  Medivac  
  77  7:11  Marine x3  
  77  7:15  Siege Tank  
  83  7:17  SCV  
  84  7:22  Marine  
  84  7:23  Marine  
  84  7:24  SCV  
  87  7:31  Marine x3  
  90  7:40  SCV, Marine x2  
  90  7:41  SCV  
Tags
 
Add a new tag
Caveats
  • Supply blocks, unpowered buildings, or Contaminate may cause inaccurate times.
  • Supply counts are checked every 10 seconds.